Oilers vs Red Wings

Created - 12 décembre 2023 at 21:50

Goals
1 2 3 OT1 SO T
Oilers 0 1 2 0 2 3
Red Wings 1 0 2 0 3 4
Shots
1 2 3 OT1 SO T
Oilers 7 9 10 0 3 26
Red Wings 12 8 17 1 3 38

GoalsPenalties
1st period
1. Red Wings , Brock Nelson 24 (Vincent Trocheck 32) at 14:08
Luke Schenn (DET) for Interference (Minor) at 3:10
2nd period
2. Oilers , Jared McCann 14 (Nico Hischier 19) at 14:35
Alec Martinez (DET) for Holding (Minor) at 4:33
3rd period
3. Oilers , Frank Vatrano 5 (Nico Hischier 20, Jack Johnson 6) at 1:40
4. Red Wings , Dominik Kubalik 10 (Hampus Lindholm 14, Sean Kuraly 9) at 7:07
5. Oilers , Nico Hischier 13 (Rasmus Dahlin 16, Radko Gudas 10) at 10:14
6. Red Wings , Yegor Sharangovich 14 (Alec Martinez 10, Kevin Hayes 17) at 11:30
Frank Vatrano (EDM) for Slashing (Minor) at 11:50
Radko Gudas (EDM) for Interference (Minor) at 12:10
Joel Edmundson (EDM) for Hooking (Minor) at 14:33
Overtime #1
No Goal
Shootout
Oilers, Rasmus Dahlin - Stopped by Igor Shesterkin
Red Wings, Brady Tkachuk - Goal!
Oilers, Adrian Kempe - Goal!
Red Wings, Brock Nelson - Goal!
Oilers, Jared McCann - Goal!
Red Wings, Yanni Gourde - Goal!
Goalie Stats
Cam Talbot (EDM), 35 saves from 38 shots - (0,921), OTL, 14-13-6, 65:00 minutes
Igor Shesterkin (DET), 23 saves from 26 shots - (0,885), W, 27-5-4, 65:00 minutes
3 StarsOfficial
1 - Nico Hischier (EDM)
2 - Jared McCann (EDM)
3 - Dominik Kubalik (DET)
Referees : Beaudry Halkidis and Eric Furlatt
Linesman : Ben O'Quinn and Trent Knorr
Game Note
No Game Note
Finance
Level 1 -- Attendance: 5809 (97%) -- Ticket Income $528,619
Level 2 -- Attendance: 4474 (89%) -- Ticket Income $246,070
Level 3 -- Attendance: 3519 (50%) -- Ticket Income $91,494
Level 4 -- Attendance: 3967 (79%) -- Ticket Income $63,472
Luxury Box -- Attendance: 913 (86%) -- Ticket Income $176,209
Game was played at the Joe Louis Arena.
Total Attendance: 18682 (78%)
Total Ticket Income: $1,105,864
Other Income: $331,759
Total Income: $1,437,623



Team Name Goals Shots Shots Attemp Shots Blocked PIM HIT PP PK FO%
Oilers 3264796210 / 2 (0%)041%
Red Wings 4386964270 / 3 (0%)059%

Oilers
Player Name POS G A P +/- PIM HIT SHT SB MP PP MP PP SHT PK MP PK SHT FO% FOT GA TA
Adam HenriqueC/LW0000000121:462:1400:40056% 1821
Adrian KempeLW/RW0000026023:322:1402:2000% 200
Boris KatchoukLW0000000113:290:0001:3400% 100
Brett KulakD0000000212:421:1101:4100% 010
Chris KreiderLW0000022120:242:1400:0000% 000
Chris TierneyC000-1000012:551:4400:15050% 400
Frank VatranoLW/RW1011201018:191:4400:0300% 111
Jack JohnsonD0110021120:331:1100:2100% 001
Jared McCannC/LW1011067023:481:4400:00035% 1710
Joel EdmundsonD0000201128:510:0001:3200% 013
Kurtis MacDermidD000001109:350:0000:4700% 001
Marco ScandellaD0000010011:290:0002:1700% 000
Nico HischierC1231003020:510:0002:05040% 2010
Noah GregorLW/RW000-1011011:230:0000:0000% 001
Radko GudasD0110230118:060:0001:3200% 000
Rasmus DahlinD0110012021:032:4700:2500% 001
Tyson BarrieD000000002:552:4700:0000% 000
Wade AllisonRW000-1021117:190:0000:0000% 001
Red Wings
Player Name POS G A P +/- PIM HIT SHT SB MP PP MP PP SHT PK MP PK SHT FO% FOT GA TA
Alec MartinezD0113201024:130:0001:0900% 002
Braden SchneiderD0000000113:200:0001:5100% 001
Brady TkachukLW0000042218:441:4600:300100% 101
Brock NelsonC/LW101-1006021:352:3230:36033% 310
Casey CizikasC0001021210:410:0001:54086% 700
Dominik KubalikLW/RW1011023011:010:0000:0000% 020
Dylan CozensC/LW0000032115:391:4600:00040% 1510
Hampus LindholmD0113004026:272:4902:2400% 011
Jeff CarterC/RW0000010012:140:0000:0000% 001
Kevin HayesC0110035014:070:0000:00082% 1110
Luke SchennD000-3221021:581:2900:4400% 000
Mike MathesonD000-3014025:492:4901:3400% 010
Owen PowerD0000000013:201:2900:1400% 001
Owen TippettRW000-1001018:442:3200:00050% 200
Sean KuralyC/LW0111013011:290:0001:2800% 010
Vincent TrocheckC/RW011-1062020:192:3201:34052% 2120
Yanni GourdeC/LW/RW0000011017:431:4601:54050% 200
Yegor SharangovichC/LW/RW1010012013:370:0000:000100% 100

Oilers

5 vs 5 Forward
Line #Left WingCenterRight WingPHYDFOFWanted %Time %Time Play
1Jared McCannNico HischierFrank Vatrano0233735%17:58
2Chris KreiderAdam HenriqueAdrian Kempe0233333%17:01
3Boris KatchoukJared McCannWade Allison1222014%7:20
4Noah GregorChris TierneyWade Allison1311018%9:25
5 vs 5 Defense
Line #DefenseDefensePHYDFOFWanted %Time %Time Play
1Jack JohnsonJoel Edmundson1314037%19:14
2Rasmus DahlinRadko Gudas0233032%16:43
3Brett KulakJoel Edmundson1312013%6:59
4Marco ScandellaKurtis MacDermid1311017%8:48
Power Play Forward
Line #Left WingCenterRight WingPHYDFOFWanted %Time %Time Play
1Chris KreiderAdam HenriqueAdrian Kempe0146056%2:14
2Jared McCannChris TierneyFrank Vatrano0144044%1:44
Power Play Defense
Line #DefenseDefensePHYDFOFWanted %Time %Time Play
1Tyson BarrieRasmus Dahlin0146087%3:28
2Rasmus DahlinTyson Barrie0144013%0:30
Penalty Kill 4 Players Forward
Line #CenterWingPHYDFOFWanted %Time %Time Play
1Nico HischierAdrian Kempe1316089%2:21
2Chris TierneyAdam Henrique1314011%0:18
Penalty Kill 4 Players Defense
Line #DefenseDefensePHYDFOFWanted %Time %Time Play
1Joel EdmundsonRadko Gudas1316087%2:18
2Jack JohnsonBrett Kulak1314013%0:21
Penalty Kill 3 Players
Line #WingPHYDFOFWanted %Time %Time PlayDefenseDefensePHYDFOFWanted %Time %Time Play
1Boris Katchouk1316069%1:08 Marco ScandellaRadko Gudas1316053%0:52
2Adrian Kempe1314031%0:31 Kurtis MacDermidBrett Kulak1314047%0:47
4 vs 4 Forward
Line #CenterWingPHYDFOFWanted %Time %Time Play
1Nico HischierAdrian Kempe122600%0:00
2Jared McCannAdam Henrique122400%0:00
4 vs 4 Defense
Line #DefensePHYDFOFWanted %Time %Time Play
1Rasmus DahlinRadko Gudas122600%0:00
2Kurtis MacDermidBrett Kulak122400%0:00
Last Minutes Offensive
Left WingCenterRight WingDefenseDefense
Chris KreiderNico HischierAdrian KempeBrett KulakTyson Barrie
Last Minutes Defensive
Left WingCenterRight WingDefenseDefense
Boris KatchoukChris TierneyNoah GregorMarco ScandellaJack Johnson
Time
Total ForwardTotal DefenseLast Minutes OffensiveLast Minutes Defensive
60:00 60:00 0:000:00
Extra Forwards
Normal PowerPlayPenalty Kill
Wade Allison, Noah Gregor, Boris KatchoukFrank Vatrano, Boris KatchoukNico Hischier
Extra Defensemen
Normal PowerPlayPenalty Kill
Jack Johnson, Joel Edmundson, Marco ScandellaJack Johnson, Joel EdmundsonMarco Scandella
Penalty Shots
Rasmus Dahlin, Adrian Kempe, Jared McCann, Adam Henrique, Frank Vatrano
Goalie
Cam Talbot, Petr Mrazek
Scratches
Denis Malgin (Healthy), Tucker Poolman (Healthy)

Red Wings

5 vs 5 Forward
Line #Left WingCenterRight WingPHYDFOFWanted %Time %Time Play
1Brock NelsonVincent TrocheckOwen Tippett0323433%16:49
2Brady TkachukDylan CozensYanni Gourde0323027%13:54
3Yegor SharangovichKevin HayesJeff Carter0322624%12:14
4Sean KuralyCasey CizikasDominik Kubalik0321017%8:47
5 vs 5 Defense
Line #DefenseDefensePHYDFOFWanted %Time %Time Play
1Hampus LindholmAlec Martinez0323839%20:04
2Mike MathesonLuke Schenn0323838%19:31
3Owen PowerBraden Schneider0322022%11:13
4Hampus LindholmAlec Martinez03242%0:56
Power Play Forward
Line #Left WingCenterRight WingPHYDFOFWanted %Time %Time Play
1Brock NelsonVincent TrocheckOwen Tippett0055559%2:32
2Yanni GourdeDylan CozensBrady Tkachuk0054541%1:46
Power Play Defense
Line #DefenseDefensePHYDFOFWanted %Time %Time Play
1Hampus LindholmMike Matheson0145566%2:49
2Owen PowerLuke Schenn0144534%1:29
Penalty Kill 4 Players Forward
Line #CenterWingPHYDFOFWanted %Time %Time Play
1Casey CizikasYanni Gourde1405461%2:24
2Vincent TrocheckSean Kuraly1404639%1:34
Penalty Kill 4 Players Defense
Line #DefenseDefensePHYDFOFWanted %Time %Time Play
1Hampus LindholmAlec Martinez1405461%2:24
2Mike MathesonLuke Schenn1404639%1:34
Penalty Kill 3 Players
Line #WingPHYDFOFWanted %Time %Time PlayDefenseDefensePHYDFOFWanted %Time %Time Play
1Yanni Gourde140510%0:00 Hampus LindholmAlec Martinez140510%0:00
2Casey Cizikas140490%0:00 Mike MathesonLuke Schenn140490%0:00
4 vs 4 Forward
Line #CenterWingPHYDFOFWanted %Time %Time Play
1Vincent TrocheckBrock Nelson032550%0:00
2Dylan CozensYanni Gourde032450%0:00
4 vs 4 Defense
Line #DefensePHYDFOFWanted %Time %Time Play
1Hampus LindholmAlec Martinez032550%0:00
2Mike MathesonLuke Schenn032450%0:00
Last Minutes Offensive
Left WingCenterRight WingDefenseDefense
Brock NelsonVincent TrocheckBrady TkachukHampus LindholmMike Matheson
Last Minutes Defensive
Left WingCenterRight WingDefenseDefense
Sean KuralyVincent TrocheckYanni GourdeHampus LindholmAlec Martinez
Time
Total ForwardTotal DefenseLast Minutes OffensiveLast Minutes Defensive
60:00 60:00 0:000:00
Extra Forwards
Normal PowerPlayPenalty Kill
Brock Nelson, Vincent Trocheck, Yanni GourdeYegor Sharangovich, Jeff CarterBrock Nelson
Extra Defensemen
Normal PowerPlayPenalty Kill
Hampus Lindholm, Alec Martinez, Luke SchennBraden Schneider, Braden SchneiderOwen Power
Penalty Shots
Brady Tkachuk, Brock Nelson, Yanni Gourde, Dylan Cozens, Vincent Trocheck
Goalie
Igor Shesterkin, Martin Jones
Scratches
Brett Howden (Healthy), Jalen Chatfield (Healthy), Kent Johnson (Healthy)


Play-by-Play

1st period


0:01 of 1st period - Vincent Trocheck wins face-off versus Nico Hischier in neutral zone.
0:33 of 1st period - Wrist shot by Adrian Kempe.
0:33 of 1st period - Shot Misses the Net.
0:35 of 1st period - Wrist shot by Chris Kreider.
0:35 of 1st period - Shot Misses the Net.
0:37 of 1st period - Wrist shot by Chris Kreider.
0:37 of 1st period - Deflect By Adrian Kempe.
0:37 of 1st period - Stopped by Igor Shesterkin without a rebound.
0:38 of 1st period - Kevin Hayes wins face-off versus Jared McCann in Red Wings zone.
0:45 of 1st period - Braden Schneider is hit by Jared McCann and loses puck.
0:54 of 1st period - Snap shot by Jared McCann.
0:54 of 1st period - Stopped by Igor Shesterkin with a rebound.
1:04 of 1st period - Sean Kuraly is hit by Radko Gudas and loses puck.
1:15 of 1st period - Snap shot by Adrian Kempe.
1:15 of 1st period - Stopped by Igor Shesterkin with a rebound.
2:05 of 1st period - Yegor Sharangovich is hit by Kurtis MacDermid and loses puck.
2:44 of 1st period - Slapshot by Brady Tkachuk.
2:44 of 1st period - Stopped by Cam Talbot with a rebound.
3:06 of 1st period - Wrist shot by Jared McCann.
3:06 of 1st period - Stopped by Igor Shesterkin without a rebound.
3:07 of 1st period - Nico Hischier wins face-off versus Vincent Trocheck in Red Wings zone.
3:08 of 1st period - Wrist shot by Jared McCann.
3:08 of 1st period - Stopped by Igor Shesterkin with a rebound.
3:10 of 1st period - Minor Penalty to Luke Schenn for Interference.
3:11 of 1st period - Casey Cizikas wins face-off versus Adam Henrique in Red Wings zone.
3:28 of 1st period - Snap shot by Adrian Kempe.
3:28 of 1st period - Shot Misses the Net.
3:38 of 1st period - Hampus Lindholm is hit by Jared McCann and loses puck.
4:00 of 1st period - Yanni Gourde is hit by Adrian Kempe and loses puck.
5:10 of 1st period - Penalty to Luke Schenn is over, Luke Schenn is back on ice.
5:16 of 1st period - Braden Schneider is hit by Wade Allison and loses puck.
5:23 of 1st period - Boris Katchouk is hit by Luke Schenn and loses puck.
5:40 of 1st period - Nico Hischier is hit by Dylan Cozens and loses puck.
6:03 of 1st period - Wade Allison is hit by Kevin Hayes and loses puck.
7:22 of 1st period - Adrian Kempe is hit by Casey Cizikas and loses puck.
8:20 of 1st period - Chris Kreider is hit by Dominik Kubalik and loses puck.
8:39 of 1st period - Joel Edmundson is hit by Jeff Carter and loses puck.
8:56 of 1st period - Nico Hischier is hit by Vincent Trocheck and loses puck.
9:13 of 1st period - Nico Hischier is hit by Luke Schenn and loses puck.
10:32 of 1st period - Snap shot by Dylan Cozens.
10:32 of 1st period - Stopped by Cam Talbot with a rebound.
10:34 of 1st period - Snap shot by Dylan Cozens.
10:34 of 1st period - Shot Blocked by Chris Kreider.
11:55 of 1st period - Marco Scandella is hit by Kevin Hayes.
12:22 of 1st period - Wrist shot by Brock Nelson.
12:22 of 1st period - Shot Misses the Net.
12:26 of 1st period - Wrist shot by Owen Tippett.
12:26 of 1st period - Shot Blocked by Brett Kulak.
12:28 of 1st period - Slapshot by Hampus Lindholm.
12:28 of 1st period - Stopped by Cam Talbot without a rebound.
12:29 of 1st period - Chris Tierney wins face-off versus Dylan Cozens in Oilers zone.
12:29 of 1st period - Chris Tierney is hit by Yanni Gourde.
12:37 of 1st period - Slapshot by Brady Tkachuk.
12:37 of 1st period - Shot Misses the Net.
12:39 of 1st period - Snap shot by Dylan Cozens.
12:39 of 1st period - Shot Misses the Net.
12:55 of 1st period - Brock Nelson is hit by Jared McCann and loses puck.
13:47 of 1st period - Radko Gudas is hit by Brady Tkachuk and loses puck.
14:06 of 1st period - Wrist shot by Vincent Trocheck.
14:06 of 1st period - Stopped by Cam Talbot without a rebound.
14:07 of 1st period - Vincent Trocheck wins face-off versus Chris Tierney in Oilers zone.
14:08 of 1st period - Snap shot by Brock Nelson.
14:08 of 1st period - Goal by Brock Nelson - Oilers : 0 - Red Wings : 1.
14:09 of 1st period - Nico Hischier wins face-off versus Vincent Trocheck in neutral zone.
15:09 of 1st period - Slapshot by Sean Kuraly.
15:09 of 1st period - Stopped by Cam Talbot without a rebound.
15:10 of 1st period - Nico Hischier wins face-off versus Vincent Trocheck in Oilers zone.
15:31 of 1st period - Vincent Trocheck is hit by Jared McCann and loses puck.
16:07 of 1st period - Snap shot by Owen Tippett.
16:07 of 1st period - Shot Misses the Net.
16:31 of 1st period - Slapshot by Vincent Trocheck.
16:31 of 1st period - Shot Misses the Net.
16:33 of 1st period - Snap shot by Owen Tippett.
16:33 of 1st period - Stopped by Cam Talbot without a rebound.
16:34 of 1st period - Brady Tkachuk wins face-off versus Adam Henrique in Oilers zone.
17:01 of 1st period - Luke Schenn is hit by Noah Gregor and loses puck.
17:34 of 1st period - Slapshot by Mike Matheson.
17:34 of 1st period - Stopped by Cam Talbot with a rebound.
17:50 of 1st period - Joel Edmundson is hit by Sean Kuraly and loses puck.
18:09 of 1st period - Wrist shot by Yanni Gourde.
18:09 of 1st period - Stopped by Cam Talbot without a rebound.
18:10 of 1st period - Dylan Cozens wins face-off versus Jared McCann in Oilers zone.
18:34 of 1st period - Icing by Alec Martinez.
18:35 of 1st period - Adam Henrique wins face-off versus Kevin Hayes in Red Wings zone.
18:40 of 1st period - Snap shot by Adrian Kempe.
18:40 of 1st period - Stopped by Igor Shesterkin with a rebound.
18:42 of 1st period - Snap shot by Jack Johnson.
18:42 of 1st period - Deflect By Alec Martinez.
18:42 of 1st period - Stopped by Igor Shesterkin without a rebound.
18:43 of 1st period - Vincent Trocheck wins face-off versus Nico Hischier in Red Wings zone.
19:14 of 1st period - Slapshot by Kevin Hayes.
19:14 of 1st period - Stopped by Cam Talbot with a rebound.
19:16 of 1st period - Wrist shot by Mike Matheson.
19:16 of 1st period - Shot Misses the Net.
19:18 of 1st period - Wrist shot by Jeff Carter.
19:18 of 1st period - Shot Misses the Net.
19:20 of 1st period - Wrist shot by Kevin Hayes.
19:20 of 1st period - Stopped by Cam Talbot with a rebound.
19:22 of 1st period - Slapshot by Luke Schenn.
19:22 of 1st period - Stopped by Cam Talbot without a rebound.
19:23 of 1st period - Adam Henrique wins face-off versus Brock Nelson in Oilers zone.
19:28 of 1st period - Snap shot by Adrian Kempe.
19:28 of 1st period - Shot Misses the Net.
19:40 of 1st period - Wrist shot by Owen Tippett.
19:40 of 1st period - Deflect By Brock Nelson.
19:40 of 1st period - Deflect By Chris Kreider.
19:40 of 1st period - Shot Misses the Net.
19:40 of 1st period - Puck is out of play.
19:41 of 1st period - Jared McCann wins face-off versus Dylan Cozens in Oilers zone.
Goals for this period are 0 for Oilers vs 1 for Red Wings.
Shots for this period are 7 for Oilers vs 12 for Red Wings.

2nd period


0:01 of 2nd period - Jared McCann wins face-off versus Owen Tippett in neutral zone.
0:26 of 2nd period - Jack Johnson is hit by Dylan Cozens and loses puck.
0:35 of 2nd period - Wrist shot by Dylan Cozens.
0:35 of 2nd period - Shot Misses the Net.
0:55 of 2nd period - Wrist shot by Kevin Hayes.
0:55 of 2nd period - Stopped by Cam Talbot without a rebound.
0:56 of 2nd period - Adam Henrique wins face-off versus Vincent Trocheck in Oilers zone.
1:05 of 2nd period - Wrist shot by Chris Kreider.
1:05 of 2nd period - Stopped by Igor Shesterkin without a rebound.
1:06 of 2nd period - Adam Henrique wins face-off versus Vincent Trocheck in Red Wings zone.
1:09 of 2nd period - Snap shot by Chris Kreider.
1:09 of 2nd period - Shot Misses the Net.
1:22 of 2nd period - Backhand shot by Brock Nelson.
1:22 of 2nd period - Shot Misses the Net.
1:24 of 2nd period - Slapshot by Mike Matheson.
1:24 of 2nd period - Deflect By Adam Henrique.
1:24 of 2nd period - Stopped by Cam Talbot without a rebound.
1:25 of 2nd period - Dylan Cozens wins face-off versus Jared McCann in Oilers zone.
1:52 of 2nd period - Adrian Kempe is hit by Yegor Sharangovich and loses puck.
2:33 of 2nd period - Dominik Kubalik is hit by Wade Allison and loses puck.
3:01 of 2nd period - Dylan Cozens is hit by Jared McCann.
3:11 of 2nd period - Yegor Sharangovich is hit by Marco Scandella and loses puck.
3:49 of 2nd period - Snap shot by Dominik Kubalik.
3:49 of 2nd period - Shot Misses the Net.
3:51 of 2nd period - Slapshot by Dominik Kubalik.
3:51 of 2nd period - Shot Misses the Net.
4:11 of 2nd period - Snap shot by Chris Kreider.
4:11 of 2nd period - Deflect By Adrian Kempe.
4:11 of 2nd period - Stopped by Igor Shesterkin without a rebound.
4:12 of 2nd period - Adam Henrique wins face-off versus Dylan Cozens in Red Wings zone.
4:33 of 2nd period - Minor Penalty to Alec Martinez for Holding.
4:34 of 2nd period - Casey Cizikas wins face-off versus Adrian Kempe in Red Wings zone.
6:33 of 2nd period - Penalty to Alec Martinez is over, Alec Martinez is back on ice.
6:40 of 2nd period - Wrist shot by Brady Tkachuk.
6:40 of 2nd period - Deflect By Brock Nelson.
6:40 of 2nd period - Shot Misses the Net.
6:40 of 2nd period - Puck is out of play.
6:41 of 2nd period - Kevin Hayes wins face-off versus Jared McCann in Oilers zone.
6:46 of 2nd period - Snap shot by Yegor Sharangovich.
6:46 of 2nd period - Stopped by Cam Talbot without a rebound.
6:47 of 2nd period - Yegor Sharangovich wins face-off versus Jared McCann in Oilers zone.
7:14 of 2nd period - Wade Allison is hit by Brady Tkachuk.
7:17 of 2nd period - Off-side.
7:18 of 2nd period - Adam Henrique wins face-off versus Dylan Cozens in neutral zone.
7:20 of 2nd period - Rasmus Dahlin is hit by Dylan Cozens and loses puck.
8:01 of 2nd period - Wrist shot by Chris Tierney.
8:01 of 2nd period - Shot Misses the Net.
8:03 of 2nd period - Wrist shot by Chris Tierney.
8:03 of 2nd period - Deflect By Noah Gregor.
8:03 of 2nd period - Stopped by Igor Shesterkin without a rebound.
8:04 of 2nd period - Kevin Hayes wins face-off versus Chris Tierney in Red Wings zone.
8:32 of 2nd period - Snap shot by Jared McCann.
8:32 of 2nd period - Stopped by Igor Shesterkin with a rebound.
9:10 of 2nd period - Joel Edmundson is hit by Casey Cizikas and loses puck.
9:21 of 2nd period - Snap shot by Dominik Kubalik.
9:21 of 2nd period - Deflect By Sean Kuraly.
9:21 of 2nd period - Stopped by Cam Talbot without a rebound.
9:22 of 2nd period - Vincent Trocheck wins face-off versus Adam Henrique in Oilers zone.
9:35 of 2nd period - Slapshot by Rasmus Dahlin.
9:35 of 2nd period - Deflect By Alec Martinez.
9:35 of 2nd period - Stopped by Igor Shesterkin without a rebound.
9:36 of 2nd period - Nico Hischier wins face-off versus Vincent Trocheck in Red Wings zone.
10:03 of 2nd period - Yegor Sharangovich is hit by Rasmus Dahlin and loses puck.
10:15 of 2nd period - Yegor Sharangovich is hit by Radko Gudas and loses puck.
10:36 of 2nd period - Slapshot by Rasmus Dahlin.
10:36 of 2nd period - Shot Blocked by Dylan Cozens.
11:03 of 2nd period - Off-side.
11:04 of 2nd period - Kevin Hayes wins face-off versus Jared McCann in neutral zone.
11:07 of 2nd period - Slapshot by Hampus Lindholm.
11:07 of 2nd period - Shot Misses the Net.
11:31 of 2nd period - Alec Martinez is hit by Chris Kreider.
11:51 of 2nd period - Wrist shot by Noah Gregor.
11:51 of 2nd period - Shot Misses the Net.
12:15 of 2nd period - Snap shot by Jared McCann.
12:15 of 2nd period - Shot Misses the Net.
12:17 of 2nd period - Slapshot by Kurtis MacDermid.
12:17 of 2nd period - Stopped by Igor Shesterkin with a rebound.
12:26 of 2nd period - Off-side.
12:27 of 2nd period - Adam Henrique wins face-off versus Kevin Hayes in neutral zone.
12:30 of 2nd period - Wrist shot by Adrian Kempe.
12:30 of 2nd period - Stopped by Igor Shesterkin with a rebound.
12:32 of 2nd period - Slapshot by Radko Gudas.
12:32 of 2nd period - Deflect By Chris Kreider.
12:32 of 2nd period - Shot Misses the Net.
12:32 of 2nd period - Puck is out of play.
12:33 of 2nd period - Owen Tippett wins face-off versus Nico Hischier in Red Wings zone.
12:33 of 2nd period - Owen Tippett is hit by Radko Gudas.
12:39 of 2nd period - Icing by Alec Martinez.
12:40 of 2nd period - Jared McCann wins face-off versus Vincent Trocheck in Red Wings zone.
12:52 of 2nd period - Jack Johnson is hit by Vincent Trocheck and loses puck.
13:05 of 2nd period - Hampus Lindholm is hit by Jack Johnson and loses puck.
13:14 of 2nd period - Slapshot by Luke Schenn.
13:14 of 2nd period - Shot Misses the Net.
13:45 of 2nd period - Wrist shot by Jared McCann.
13:45 of 2nd period - Stopped by Igor Shesterkin with a rebound.
14:35 of 2nd period - Backhand shot by Jared McCann.
14:35 of 2nd period - Goal by Jared McCann - Oilers : 1 - Red Wings : 1.
14:36 of 2nd period - Adam Henrique wins face-off versus Dylan Cozens in neutral zone.
14:49 of 2nd period - Snap shot by Chris Kreider.
14:49 of 2nd period - Shot Blocked by Brady Tkachuk.
16:12 of 2nd period - Snap shot by Kevin Hayes.
16:12 of 2nd period - Stopped by Cam Talbot with a rebound.
16:34 of 2nd period - Brett Kulak is hit by Kevin Hayes and loses puck.
16:50 of 2nd period - Off-side.
16:51 of 2nd period - Chris Tierney wins face-off versus Casey Cizikas in neutral zone.
16:54 of 2nd period - Snap shot by Noah Gregor.
16:54 of 2nd period - Shot Blocked by Casey Cizikas.
17:31 of 2nd period - Wrist shot by Jeff Carter.
17:31 of 2nd period - Shot Blocked by Wade Allison.
18:14 of 2nd period - Snap shot by Sean Kuraly.
18:14 of 2nd period - Stopped by Cam Talbot without a rebound.
18:15 of 2nd period - Casey Cizikas wins face-off versus Nico Hischier in Oilers zone.
18:18 of 2nd period - Slapshot by Casey Cizikas.
18:18 of 2nd period - Shot Misses the Net.
18:20 of 2nd period - Slapshot by Casey Cizikas.
18:20 of 2nd period - Stopped by Cam Talbot with a rebound.
18:22 of 2nd period - Wrist shot by Dominik Kubalik.
18:22 of 2nd period - Stopped by Cam Talbot with a rebound.
18:24 of 2nd period - Snap shot by Dominik Kubalik.
18:24 of 2nd period - Deflect By Sean Kuraly.
18:24 of 2nd period - Shot Hit the Post.
18:24 of 2nd period - Puck is out of play.
18:25 of 2nd period - Kevin Hayes wins face-off versus Adam Henrique in Oilers zone.
18:30 of 2nd period - Snap shot by Kevin Hayes.
18:30 of 2nd period - Shot Blocked by Adam Henrique.
18:56 of 2nd period - Snap shot by Jared McCann.
18:56 of 2nd period - Shot Misses the Net.
Goals for this period are 1 for Oilers vs 0 for Red Wings.
Shots for this period are 9 for Oilers vs 8 for Red Wings.

3rd period


0:01 of 3rd period - Jared McCann wins face-off versus Dylan Cozens in neutral zone.
0:06 of 3rd period - Snap shot by Wade Allison.
0:06 of 3rd period - Deflect By Jared McCann.
0:06 of 3rd period - Shot Misses the Net.
0:06 of 3rd period - Puck is out of play.
0:07 of 3rd period - Dylan Cozens wins face-off versus Jared McCann in Red Wings zone.
0:14 of 3rd period - Slapshot by Hampus Lindholm.
0:14 of 3rd period - Stopped by Cam Talbot without a rebound.
0:15 of 3rd period - Nico Hischier wins face-off versus Dylan Cozens in Oilers zone.
0:30 of 3rd period - Wrist shot by Jared McCann.
0:30 of 3rd period - Shot Misses the Net.
0:51 of 3rd period - Snap shot by Vincent Trocheck.
0:51 of 3rd period - Stopped by Cam Talbot with a rebound.
0:53 of 3rd period - Slapshot by Hampus Lindholm.
0:53 of 3rd period - Stopped by Cam Talbot with a rebound.
1:14 of 3rd period - Snap shot by Rasmus Dahlin.
1:14 of 3rd period - Stopped by Igor Shesterkin with a rebound.
1:16 of 3rd period - Snap shot by Chris Tierney.
1:16 of 3rd period - Deflect By Noah Gregor.
1:16 of 3rd period - Shot Blocked by Braden Schneider.
1:16 of 3rd period - Puck is out of play.
1:17 of 3rd period - Vincent Trocheck wins face-off versus Nico Hischier in Red Wings zone.
1:24 of 3rd period - Wrist shot by Nico Hischier.
1:24 of 3rd period - Stopped by Igor Shesterkin without a rebound.
1:25 of 3rd period - Vincent Trocheck wins face-off versus Frank Vatrano in Red Wings zone.
1:40 of 3rd period - Slapshot by Frank Vatrano.
1:40 of 3rd period - Goal by Frank Vatrano - Oilers : 2 - Red Wings : 1.
1:41 of 3rd period - Jared McCann wins face-off versus Yanni Gourde in neutral zone.
1:46 of 3rd period - Snap shot by Jared McCann.
1:46 of 3rd period - Shot Blocked by Brady Tkachuk.
1:48 of 3rd period - Snap shot by Wade Allison.
1:48 of 3rd period - Stopped by Igor Shesterkin with a rebound.
1:50 of 3rd period - Backhand shot by Wade Allison.
1:50 of 3rd period - Shot Misses the Net.
1:52 of 3rd period - Wrist shot by Jared McCann.
1:52 of 3rd period - Stopped by Igor Shesterkin without a rebound.
1:53 of 3rd period - Kevin Hayes wins face-off versus Jared McCann in Red Wings zone.
2:08 of 3rd period - Snap shot by Kevin Hayes.
2:08 of 3rd period - Stopped by Cam Talbot without a rebound.
2:09 of 3rd period - Dylan Cozens wins face-off versus Adam Henrique in Oilers zone.
2:10 of 3rd period - Snap shot by Brady Tkachuk.
2:10 of 3rd period - Shot Misses the Net.
2:20 of 3rd period - Snap shot by Adrian Kempe.
2:20 of 3rd period - Shot Misses the Net.
2:22 of 3rd period - Snap shot by Chris Kreider.
2:22 of 3rd period - Shot Misses the Net.
3:18 of 3rd period - Off-side.
3:19 of 3rd period - Casey Cizikas wins face-off versus Adam Henrique in neutral zone.
3:28 of 3rd period - Sean Kuraly is hit by Adrian Kempe and loses puck.
3:35 of 3rd period - Wrist shot by Chris Kreider.
3:35 of 3rd period - Stopped by Igor Shesterkin with a rebound.
5:59 of 3rd period - Snap shot by Dylan Cozens.
5:59 of 3rd period - Stopped by Cam Talbot without a rebound.
6:00 of 3rd period - Kevin Hayes wins face-off versus Adam Henrique in Oilers zone.
6:59 of 3rd period - Slapshot by Nico Hischier.
6:59 of 3rd period - Stopped by Igor Shesterkin without a rebound.
7:00 of 3rd period - Casey Cizikas wins face-off versus Nico Hischier in Red Wings zone.
7:05 of 3rd period - Slapshot by Hampus Lindholm.
7:05 of 3rd period - Shot Blocked by Radko Gudas.
7:07 of 3rd period - Snap shot by Dominik Kubalik.
7:07 of 3rd period - Goal by Dominik Kubalik - Oilers : 2 - Red Wings : 2.
7:08 of 3rd period - Kevin Hayes wins face-off versus Jared McCann in neutral zone.
7:17 of 3rd period - Slapshot by Hampus Lindholm.
7:17 of 3rd period - Deflect By Jared McCann.
7:17 of 3rd period - Stopped by Cam Talbot with a rebound.
7:35 of 3rd period - Brock Nelson is hit by Jack Johnson and loses puck.
8:00 of 3rd period - Rasmus Dahlin is hit by Brady Tkachuk and loses puck.
8:17 of 3rd period - Snap shot by Dominik Kubalik.
8:17 of 3rd period - Stopped by Cam Talbot without a rebound.
8:18 of 3rd period - Casey Cizikas wins face-off versus Adam Henrique in Oilers zone.
9:16 of 3rd period - Casey Cizikas is hit by Chris Kreider and loses puck.
9:41 of 3rd period - Snap shot by Adrian Kempe.
9:41 of 3rd period - Shot Blocked by Casey Cizikas.
9:43 of 3rd period - Snap shot by Chris Kreider.
9:43 of 3rd period - Deflect By Adrian Kempe.
9:43 of 3rd period - Stopped by Igor Shesterkin without a rebound.
9:44 of 3rd period - Vincent Trocheck wins face-off versus Jared McCann in Red Wings zone.
10:00 of 3rd period - Snap shot by Brock Nelson.
10:00 of 3rd period - Stopped by Cam Talbot with a rebound.
10:14 of 3rd period - Wrist shot by Nico Hischier.
10:14 of 3rd period - Goal by Nico Hischier - Oilers : 3 - Red Wings : 2.
10:15 of 3rd period - Yanni Gourde wins face-off versus Nico Hischier in neutral zone.
10:49 of 3rd period - Slapshot by Alec Martinez.
10:49 of 3rd period - Stopped by Cam Talbot without a rebound.
10:50 of 3rd period - Jared McCann wins face-off versus Vincent Trocheck in Oilers zone.
11:03 of 3rd period - Slapshot by Luke Schenn.
11:03 of 3rd period - Shot Misses the Net.
11:05 of 3rd period - Slapshot by Mike Matheson.
11:05 of 3rd period - Stopped by Cam Talbot without a rebound.
11:06 of 3rd period - Adam Henrique wins face-off versus Dylan Cozens in Oilers zone.
11:10 of 3rd period - Off-side.
11:11 of 3rd period - Adam Henrique wins face-off versus Dylan Cozens in neutral zone.
11:16 of 3rd period - Slapshot by Joel Edmundson.
11:16 of 3rd period - Stopped by Igor Shesterkin without a rebound.
11:17 of 3rd period - Kevin Hayes wins face-off versus Nico Hischier in Red Wings zone.
11:17 of 3rd period - Kevin Hayes is hit by Jared McCann.
11:28 of 3rd period - Slapshot by Alec Martinez.
11:28 of 3rd period - Shot Blocked by Joel Edmundson.
11:30 of 3rd period - Snap shot by Yegor Sharangovich.
11:30 of 3rd period - Goal by Yegor Sharangovich - Oilers : 3 - Red Wings : 3.
11:31 of 3rd period - Vincent Trocheck wins face-off versus Jared McCann in neutral zone.
11:34 of 3rd period - Wrist shot by Brock Nelson.
11:34 of 3rd period - Shot Misses the Net.
11:36 of 3rd period - Wrist shot by Luke Schenn.
11:36 of 3rd period - Shot Misses the Net.
11:38 of 3rd period - Snap shot by Owen Tippett.
11:38 of 3rd period - Shot Blocked by Jack Johnson.
11:40 of 3rd period - Snap shot by Vincent Trocheck.
11:40 of 3rd period - Shot Blocked by Boris Katchouk.
11:42 of 3rd period - Snap shot by Mike Matheson.
11:42 of 3rd period - Stopped by Cam Talbot with a rebound.
11:44 of 3rd period - Wrist shot by Brock Nelson.
11:44 of 3rd period - Stopped by Cam Talbot without a rebound.
11:45 of 3rd period - Dylan Cozens wins face-off versus Nico Hischier in Oilers zone.
11:48 of 3rd period - Snap shot by Brady Tkachuk.
11:48 of 3rd period - Shot Blocked by Brett Kulak.
11:50 of 3rd period - Minor Penalty to Frank Vatrano for Slashing.
11:51 of 3rd period - Vincent Trocheck wins face-off versus Nico Hischier in Oilers zone.
12:08 of 3rd period - Wrist shot by Brock Nelson.
12:08 of 3rd period - Stopped by Cam Talbot with a rebound.
12:10 of 3rd period - Minor Penalty to Radko Gudas for Interference.
12:11 of 3rd period - Vincent Trocheck wins face-off versus Boris Katchouk in Oilers zone.
13:44 of 3rd period - Icing by Hampus Lindholm.
13:45 of 3rd period - Dylan Cozens wins face-off versus Adrian Kempe in Red Wings zone.
13:50 of 3rd period - Penalty to Frank Vatrano is over, Frank Vatrano is back on ice.
14:00 of 3rd period - Joel Edmundson is hit by Vincent Trocheck and loses puck.
14:10 of 3rd period - Penalty to Radko Gudas is over, Radko Gudas is back on ice.
14:33 of 3rd period - Minor Penalty to Joel Edmundson for Hooking.
14:34 of 3rd period - Nico Hischier wins face-off versus Vincent Trocheck in Oilers zone.
14:43 of 3rd period - Radko Gudas is hit by Vincent Trocheck and loses puck.
14:48 of 3rd period - Slapshot by Brock Nelson.
14:48 of 3rd period - Stopped by Cam Talbot without a rebound.
14:49 of 3rd period - Vincent Trocheck wins face-off versus Nico Hischier in Oilers zone.
14:50 of 3rd period - Slapshot by Brock Nelson.
14:50 of 3rd period - Stopped by Cam Talbot without a rebound.
14:51 of 3rd period - Nico Hischier wins face-off versus Vincent Trocheck in Oilers zone.
14:51 of 3rd period - Nico Hischier is hit by Vincent Trocheck.
16:33 of 3rd period - Penalty to Joel Edmundson is over, Joel Edmundson is back on ice.
16:35 of 3rd period - Nico Hischier is hit by Vincent Trocheck and loses puck.
16:48 of 3rd period - Noah Gregor is hit by Mike Matheson and loses puck.
17:43 of 3rd period - Adrian Kempe is hit by Brady Tkachuk and loses puck.
19:48 of 3rd period - Adam Henrique is hit by Dominik Kubalik and loses puck.
Goals for this period are 2 for Oilers vs 2 for Red Wings.
Shots for this period are 10 for Oilers vs 17 for Red Wings.

Overtime #1


0:01 of 1st overtime period - Nico Hischier wins face-off versus Brock Nelson in neutral zone.
0:14 of 1st overtime period - Slapshot by Brady Tkachuk.
0:14 of 1st overtime period - Stopped by Cam Talbot without a rebound.
0:15 of 1st overtime period - Brock Nelson wins face-off versus Nico Hischier in Oilers zone.
1:08 of 1st overtime period - Wrist shot by Kevin Hayes.
1:08 of 1st overtime period - Shot Misses the Net.
Goals for this period are 0 for Oilers vs 0 for Red Wings.
Shots for this period are 0 for Oilers vs 1 for Red Wings.

ShootOut


5:00 of 1st overtime period - Round #1.
5:00 of 1st overtime period - Oilers, Rasmus Dahlin.
5:00 of 1st overtime period - Deke by Rasmus Dahlin.
5:00 of 1st overtime period - Stopped by Igor Shesterkin.
5:00 of 1st overtime period - Red Wings, Brady Tkachuk.
5:00 of 1st overtime period - Deke by Brady Tkachuk.
5:00 of 1st overtime period - Goal by Brady Tkachuk.
5:00 of 1st overtime period - Round #2.
5:00 of 1st overtime period - Oilers, Adrian Kempe.
5:00 of 1st overtime period - Snap shot by Adrian Kempe.
5:00 of 1st overtime period - Goal by Adrian Kempe.
5:00 of 1st overtime period - Red Wings, Brock Nelson.
5:00 of 1st overtime period - Snap shot by Brock Nelson.
5:00 of 1st overtime period - Goal by Brock Nelson.
5:00 of 1st overtime period - Round #3.
5:00 of 1st overtime period - Oilers, Jared McCann.
5:00 of 1st overtime period - Backhand shot by Jared McCann.
5:00 of 1st overtime period - Goal by Jared McCann.
5:00 of 1st overtime period - Red Wings, Yanni Gourde.
5:00 of 1st overtime period - Snap shot by Yanni Gourde.
5:00 of 1st overtime period - Goal by Yanni Gourde.